 Dungeon Crawl Stone Soup version 0.28.0-45-g0d030f2227 (webtiles) character file.

Game seed: 453487187035738559

37058 mortz the Destroyer (level 13, 0/99 HPs)
             Began as a Gnoll Conjurer on Apr 15, 2022.
             Was an Elder of Vehumet.
             Slain by an elephant (4 damage)
             ... while petrified by a basilisk
             ... on level 6 of the Lair of Beasts on Apr 17, 2022.
             The game lasted 03:10:06 (26512 turns).

mortz the Destroyer (Gnoll Conjurer)               Turns: 26512, Time: 03:10:07

Health: 0/99       AC: 11    Str:  7    XL:     13   Next: 94%
Magic:  11/27      EV:  2    Int: 28    God:    Vehumet [****..]
Gold:   1033       SH:  0    Dex: 11    Spells: 5/32 levels left

rFire   + . .      SeeInvis .   r - +3 flail {mace}
rCold   . . .      Faith    .   z - +1 buckler
rNeg    + + +      Spirit   .   A - +2 leather armour {rPois} rPois โˆž Reflect .
                                j - +2 helmet
rElec   .          Harm     .   (no cloak)
rCorr   .          Rampage  .   F - +1 pair of gloves
Will    .....                   (no boots)
Stlth   ++++......              (no amulet)
HPRegen 0.26/turn               w - ring of protection from fire
MPRegen 0.20/turn               J - +6 ring of intelligence

@: petrified
A: fangs 1, strong nose, distributed training
a: Renounce Religion


You were on level 6 of the Lair of Beasts.
You worshipped Vehumet.
Vehumet was greatly pleased with you.
You visited 3 branches of the dungeon, and saw 18 of its levels.

You collected 1033 gold pieces.


Innate Abilities, Weirdness & Mutations

You have very sharp teeth.
Your uncanny sense of smell can sniff out nearby items.
Your experience applies equally to all skills.


   Skills:
 + Level 8.7 Fighting
 + Level 8.7 Short Blades
 + Level 8.7 Long Blades
 + Level 8.7 Axes
 + Level 8.7 Maces & Flails
 + Level 8.7 Polearms
 + Level 8.7 Staves
 + Level 8.7 Slings
 + Level 8.7 Bows
 + Level 8.7 Crossbows
 + Level 8.7 Throwing
 + Level 8.7 Armour
 + Level 9.9 Dodging
 + Level 9.7 Stealth
 + Level 8.7 Shields
 + Level 8.7 Unarmed Combat
 + Level 10.1 Spellcasting
 + Level 10.2 Conjurations
 + Level 7.3 Hexes
 + Level 7.3 Summonings
 + Level 7.3 Necromancy
 + Level 7.3 Translocations
 + Level 7.3 Transmutations
 + Level 7.3 Fire Magic
 + Level 7.3 Ice Magic
 + Level 7.3 Air Magic
 + Level 7.3 Earth Magic
 + Level 7.3 Poison Magic
 + Level 9.5 Invocations
 + Level 8.7 Evocations


You had 5 spell levels left.
You knew the following spells:

 Your Spells              Type           Power      Damage    Failure   Level
a - Magic Dart            Conj           100%       1d8       1%          1
b - Searing Ray           Conj           100%       2d8       1%          2
c - Mephitic Cloud        Conj/Pois/Air  57%        N/A       1%          3
d - Iskenderun's Mystic   Conj/Tloc      59%        2d12      1%          4
e - Passwall              Tmut/Erth      44%        N/A       1%          2
f - Foxfire               Conj/Fire      100%       2x1d9     1%          1
g - Inner Flame           Hex/Fire       53%        N/A       1%          3
h - Hailstorm             Conj/Ice       59%        3d13      1%          4
i - Frozen Ramparts       Ice            100%       1d12      1%          3
j - Flame Wave            Conj/Fire      59%        2d11      1%          4

Your spell library contained the following spells:

 Spells                   Type           Power      Damage    Failure   Level
 Iron Shot                Conj/Erth      29%        9d6       8%          6
 Freeze                   Ice            100%       1d11      1%          1
 Call Imp                 Summ           53%        N/A       1%          2
 Corpse Rot               Necr/Air       100%       N/A       1%          2
 Conjure Flame            Conj/Fire      59%        6-21      1%          3
 Dazzling Flash           Conj/Hex       100%       N/A       1%          3
 Tukima's Dance           Hex            53%        N/A       1%          3
 Fulminant Prism          Conj/Hex       29%        3d14      1%          4
 Yara's Violent Unravell  Hex/Tmut       26%        3d11      2%          5
 Animate Armour           Summ/Erth      100%       N/A       3%          4
 Dispel Undead            Necr           53%        3d19      3%          4
 Passage of Golubria      Tloc           53%        N/A       3%          4
 Summon Lightning Spire   Summ/Air       53%        N/A       3%          4
 Death Channel            Necr           26%        N/A       45%         6
 Simulacrum               Ice/Necr       26%        N/A       45%         6
 Storm Form               Tmut/Air       26%        N/A       95%         7

Inventory:

Hand Weapons
 r - a +3 flail (weapon) {mace}
   (You took it off an orc on level 4 of the Dungeon)
 s - a +0 dagger of electrocution {short}
   (You took it off Josephine on level 4 of the Lair of Beasts)
 u - a +1 eveningstar {macerare=g}
   (You took it off Urug on level 10 of the Dungeon)
 K - a +0 war axe {axe}
   (You took it off an orc priest on level 5 of the Dungeon)
Missiles
 t - 41 poisoned darts {throwing}
 M - 7 silver javelins {throwing}
Armour
 a - a +0 troll leather armour
   (You found it on level 10 of the Dungeon)
 j - a +2 helmet (worn)
   (You found it on level 1 of the Dungeon)
 z - a +1 buckler (worn)
   (You took it off a gnoll sergeant on level 6 of the Dungeon)
 A - a +2 leather armour of poison resistance (worn)
   (You found it on level 6 of the Dungeon)
 E - a +2 robe of cold resistance
   (You took it off Fannar on level 10 of the Dungeon)
 F - a +1 pair of gloves (worn)
   (You found it on level 8 of the Dungeon)
 V - a +0 robe of the Archmagi
   (You took it off an orc wizard on level 9 of the Dungeon)
Magical Staves
 d - a staff of death {!astaff}
   (You found it on level 3 of the Dungeon)
 l - a staff of poison {!astaff}
   (You took it off a goblin on level 3 of the Dungeon)
 G - a staff of fire {!astaff}
   (You found it on level 5 of the Dungeon)
 X - a staff of earth {!astaff}
   (You found it on level 10 of the Dungeon)
 Y - a staff of air {!astaff}
   (You found it on level 11 of the Dungeon)
Jewellery
 h - a +4 ring of evasion
   (You took it off a hobgoblin on level 1 of the Dungeon)
 w - a ring of protection from fire (left hand)
   (You found it on level 7 of the Dungeon)
 B - a +4 ring of protection
   (You found it on level 1 of the Lair of Beasts)
 J - a +6 ring of intelligence (right hand)
   (You took it off an orc priest on level 5 of the Dungeon)
 N - a ring of resist corrosion
   (You found it on level 2 of the Lair of Beasts)
 R - an amulet of faith {!P}
   (You took it off a kobold brigand on level 9 of the Dungeon)
 S - a ring of ice
   (You took it off Fannar on level 10 of the Dungeon)
Wands
 x - a wand of iceblast (14)
   (You found it on level 7 of the Dungeon)
 y - a wand of mindburst (18)
   (You found it on level 2 of the Lair of Beasts)
 H - a wand of acid (19)
   (You took it off Blork the orc on level 5 of the Dungeon)
 I - a wand of polymorph (12)
   (You took it off an orc priest on level 5 of the Dungeon)
 L - a wand of paralysis (9)
   (You found it on level 8 of the Dungeon)
 Q - a wand of charming (2)
   (You found it on level 9 of the Dungeon)
Scrolls
 e - a scroll of blinking {!r}
 g - a scroll of torment {!r}
 q - 4 scrolls of amnesia
 T - 6 scrolls of teleportation {@r4}
 U - a scroll of summoning
 W - a scroll of magic mapping {!r}
 Z - a scroll of holy word
Potions
 b - a potion of resistance
 c - 5 potions of haste {@q3}
 f - 2 potions of magic
 i - 3 potions of might
 k - a potion of flight
 n - 3 potions of curing {@q1}
 o - 2 potions of mutation {!q}
 p - 3 potions of brilliance
 v - 3 potions of heal wounds {@q2}
 C - 5 potions of attraction {!q}
 D - 5 potions of invisibility
 O - a potion of cancellation {unknown}

Dungeon Overview and Level Annotations

Branches:
Dungeon (11/15)            Temple (1/1) D:6            Lair (6/6) D:8
  Swamp (0/4) Lair:2        Snake (0/4) Lair:3        Slime (0/5) Lair:5
    Orc: D:9-12

Altars:
Ashenzari
Cheibriados
Dithmenos
Elyvilon
Fedhas
Gozag
Hepliaklqana
Kikubaaqudgha
Makhleb
Nemelex Xobeh
Okawaru
Qazlal
Ru
Sif Muna
Trog
Uskayaw
Vehumet
Wu Jian
Xom
Yredelemnul
Zin
The Shining One
Jiyva

Portals:
Trove: D:10 (give 18 potions of curing)

Annotations:
D:7 2 transporters, Antichthon's ghost, novice NaWr
D:9 2 transporters, Icepheonix32's ghost, novice MfSu
D:11 1 runed translucent door, AverageBear's ghost, journeyman DDFi
Lair:2 1 runed translucent door, exclusion: door, pkoi's ghost, journeyman DgAE

..............#
.......?.......
......?........
...............
..............#
.P...ยงYY.โ€
....#
#....YYYY.....#
#...YYl@l.....#
:..YYY###....##
..... ....#
.... โˆ† ..##
... ..# .. P# .
#


You could see 6 elephants, a komodo dragon, 5 yaks and a basilisk.


Message History

The mystic blast hits the elephant!
The mystic blast hits the rime drake!
You kill the rime drake!
Vehumet accepts your kill.
You feel your power returning.
The mystic blast hits the komodo dragon!!
The komodo dragon is knocked back by the mystic blast.
You hear a bellow!
You hear a croak.
A blink frog comes into view.
A yak comes into view. x2
The elephant is engulfed in blazing flames.
Flame seeps out of the elephant.
The blink frog blinks!
The blink frog moves out of view.
Your limbs are stiffening. ๐Ÿ˜Ž MP[-3]
You lost 3 mp, and now have 9/27 mp.
The basilisk gazes at you.
Your limbs have turned to stone.
You block the elephant's attack. x2
The basilisk gazes at you.
Your limbs have turned to stone.
The elephant is engulfed in blazing flames.
You have turned to stone.
The elephant tramples you but does no damage.
The elephant trunk-slaps you. The komodo dragon bites you.
The basilisk hisses menacingly.
The elephant tramples you but does no damage.
The elephant trunk-slaps you. The komodo dragon bites you!
The elephant tramples you!
You hold your ground!
The elephant trunk-slaps you but does no damage.
The elephant tramples you but does no damage.
The elephant trunk-slaps you but does no damage.
The komodo dragon bites you!!
The elephant tramples you but does no damage.
The elephant trunk-slaps you but does no damage.
The basilisk gazes at you.
You easily resist.
The elephant tramples you.
You hold your ground!
The elephant completely misses you. The komodo dragon bites you!
The elephant tramples you!
You hold your ground!
The elephant trunk-slaps you but does no damage.
The elephant tramples you.
You hold your ground!
The elephant trunk-slaps you but does no damage.
The basilisk bites you!
The elephant tramples you but does no damage.
The elephant trunk-slaps you.
The komodo dragon bites you but does no damage.
The elephant tramples you!
* * * LOW HITPOINT WARNING * * *
You hold your ground!
The elephant trunk-slaps you but does no damage.
The elephant tramples you but does no damage.
The elephant trunk-slaps you but does no damage.
The basilisk gazes at you.
You easily resist.
The yak bellows!
The elephant tramples you!
* * * LOW HITPOINT WARNING * * *
You hold your ground!
The elephant trunk-slaps you but does no damage.
The komodo dragon bites you but does no damage.
The elephant tramples you but does no damage.
The elephant trunk-slaps you.
* * * LOW HITPOINT WARNING * * *
The elephant tramples you!
* * * LOW HITPOINT WARNING * * *
You hold your ground!
The elephant trunk-slaps you but does no damage.
The basilisk bites you. The elephant tramples you.
* * * LOW HITPOINT WARNING * * *
You hold your ground!
The elephant trunk-slaps you but does no damage.
The komodo dragon bites you!!
* * * LOW HITPOINT WARNING * * *
The elephant tramples you.
* * * LOW HITPOINT WARNING * * *
You hold your ground!
The elephant trunk-slaps you but does no damage.
The elephant tramples you but does no damage.
The elephant trunk-slaps you but does no damage.
The basilisk gazes at you.
You easily resist.
The elephant barely misses you.
The elephant trunk-slaps you but does no damage.
The komodo dragon bites you!
* * * LOW HITPOINT WARNING * * *
The elephant tramples you.
* * * LOW HITPOINT WARNING * * *
You hold your ground!
The elephant trunk-slaps you but does no damage.
The elephant tramples you but does no damage.
The elephant trunk-slaps you but does no damage.
The basilisk gazes at you.
You easily resist.
The elephant tramples you!
* * * LOW HITPOINT WARNING * * *
You hold your ground!
The elephant trunk-slaps you but does no damage.
The blink frog blinks!
The komodo dragon bites you!
* * * LOW HITPOINT WARNING * * *
The elephant tramples you!
You die...

Skill      XL: |  1  2  3  4  5  6  7  8  9 10 11 12 13 |
---------------+----------------------------------------+-----
Spellcasting   | 5 6 7 8 9 10 | 10.1
Invocations    | 1 2 3 4 5 6 7 8 9 |  9.5
Fighting       | 1 2 3 4 5 6 7 8 |  8.7
Short Blades   | 1 2 3 4 5 6 7 8 |  8.7
Long Blades    | 1 2 3 4 5 6 7 8 |  8.7
Axes           | 1 2 3 4 5 6 7 8 |  8.7
Maces & Flails | 1 2 3 4 5 6 7 8 |  8.7
Polearms       | 1 2 3 4 5 6 7 8 |  8.7
Staves         | 1 2 3 4 5 6 7 8 |  8.7
Slings         | 1 2 3 4 5 6 7 8 |  8.7
Bows           | 1 2 3 4 5 6 7 8 |  8.7
Crossbows      | 1 2 3 4 5 6 7 8 |  8.7
Throwing       | 1 2 3 4 5 6 7 8 |  8.7
Armour         | 1 2 3 4 5 6 7 8 |  8.7
Shields        | 1 2 3 4 5 6 7 8 |  8.7
Unarmed Combat | 1 2 3 4 5 6 7 8 |  8.7
Evocations     | 1 2 3 4 5 6 7 8 |  8.7
Hexes          | 1 2 3 4 5 6 7 |  7.3
Summonings     | 1 2 3 4 5 6 7 |  7.3
Necromancy     | 1 2 3 4 5 6 7 |  7.3
Translocations | 1 2 3 4 5 6 7 |  7.3
Transmutations | 1 2 3 4 5 6 7 |  7.3
Fire Magic     | 1 2 3 4 5 6 7 |  7.3
Ice Magic      | 1 2 3 4 5 6 7 |  7.3
Air Magic      | 1 2 3 4 5 6 7 |  7.3
Earth Magic    | 1 2 3 4 5 6 7 |  7.3
Poison Magic   | 1 2 3 4 5 6 7 |  7.3
Dodging        | 5 6 7 8 9 |  9.9
Stealth        | 5 6 7 8 9 |  9.7
Conjurations   | 8 9 10 | 10.2

Action                   |  1- 3 |  4- 6 |  7- 9 | 10-12 | 13-15 || total
-------------------------+-------+-------+-------+-------+-------++-------
Melee: Flail             |       |     1 |       |    24 |    31 ||    56
       Bite              |       |       |       |     2 |     2 ||     4
 Cast: Magic Dart        |    66 |    39 |    69 |   163 |    75 ||   412
       Searing Ray       |     8 |    43 |    90 |   106 |    55 ||   302
       Mephitic Cloud    |       |       |     4 |    31 |    10 ||    45
       Foxfire           |       |       |       |    49 |     2 ||    51
       Iskenderun's Myst |       |       |       |    59 |    99 ||   158
       Inner Flame       |       |       |       |    29 |    92 ||   121
       Frozen Ramparts   |       |       |       |    10 |     2 ||    12
       Flame Wave        |       |       |       |       |     1 ||     1
Evoke: Wand              |       |       |       |       |     1 ||     1
  Use: Scroll            |       |     2 |     9 |    13 |     3 ||    27
       Potion            |       |       |     2 |     2 |       ||     4
Armor: Robe              |     1 |       |       |     1 |       ||     2
       Leather armour    |       |     2 |    21 |     6 |    49 ||    78
       Troll leather arm |       |       |       |    21 |       ||    21
Dodge: Dodged            |     6 |    10 |    82 |   108 |    41 ||   247
Block: Buckler           |       |       |    21 |    23 |    26 ||    70

Levels and vault maps discovered:
D:1:      dpeg_arrival_fog, layout_rooms
D:2:      layout_basic, serial_bayou_lagoon_a
D:3:      layout_basic, eino_tiny_chamber, uniq_natasha
D:4:      layout_basic, mainiacjoe_overflow_catch_the_wave, uniq_eustachio
D:5:      layout_rooms, uniq_blork_the_orc
D:6:      minmay_flawed_box, layout_loops_corners, temple_fountains,
          lightli_ossuary_entry_decrepit_ruins
D:7:      layout_rooms, gammafunk_ghost_hive, uniq_joseph
D:8:      layout_basic, erik_lair_orcish_takeover
D:9:      layout_loops_cross, nicolae_dithmenos_through_a_glass_darkly,
          nzn_hepliaklqana_mist_gate, gammafunk_ghost_berserking_beasts
D:10:     layout_rooms, nicolae_trove_entry_columns, uniq_urug, uniq_fannar
D:11:     layout_stronghold, hellmonk_ghost_big_iron, zin_statuary
Temple:   mainiacjoe_temple_coin_purse
Lair:1:   layout_gridlike, hangedman_lair_unloving_vines, grunt_megastairs_3,
          uniq_gastronok, uniq_maggie
Lair:2:   layout_cave_pods, palyth_hydra_swamp_entry, ebering_ghost_xom,
          minmay_shattered_shrine
Lair:3:   layout_loops_ring, minmay_snake_entry_guardpost_small,
          enter_volcano_3, gauntlet_entry_generic, forest_entry_grove,
          serial_bayou_shore_a, infiniplex_staircase_pool_2
Lair:4:   layout_hall_layers, grunt_forest_large_clearings, uniq_josephine
Lair:5:   layout_cave_shapes, slime_altar_1, nicolae_quartered_pool_medium,
          st_stairs_12
Lair:6:   minmay_lair_end_frog_pond, layout_gridlike, st_stairs_7

Notes
Turn   | Place    | Note
-------+----------+-------------------------------------------
     0 | D:1      | mortz the Gnoll Conjurer began the quest for the Orb.
     0 | D:1      | Reached XP level 1. HP: 13/13 MP: 6/6
     0 | D:1      | magus.rc [v1.9.6]
   168 | D:1      | Reached XP level 2. HP: 19/19 MP: 3/7
   183 | D:1      | Learned a level 2 spell: Searing Ray
   420 | D:1      | Reached skill level 5 in Spellcasting
   420 | D:1      | Reached XP level 3. HP: 25/25 MP: 4/9
   709 | D:1      | Reached skill level 1 in Invocations
  1168 | D:2      | You pick up a book of Minor Magic and begin reading...
  1168 | D:2      | You add the spells Call Imp and Mephitic Cloud to your
                  | library.
  1173 | D:2      | Learned a level 3 spell: Mephitic Cloud
  1239 | D:2      | Reached skill level 1 in Fighting
  1239 | D:2      | Reached skill level 1 in Short Blades
  1239 | D:2      | Reached skill level 1 in Long Blades
  1239 | D:2      | Reached skill level 1 in Axes
  1239 | D:2      | Reached skill level 1 in Maces & Flails
  1239 | D:2      | Reached skill level 1 in Polearms
  1239 | D:2      | Reached skill level 1 in Staves
  1239 | D:2      | Reached skill level 1 in Slings
  1239 | D:2      | Reached skill level 1 in Bows
  1239 | D:2      | Reached skill level 1 in Crossbows
  1239 | D:2      | Reached skill level 1 in Throwing
  1239 | D:2      | Reached skill level 1 in Armour
  1239 | D:2      | Reached skill level 1 in Shields
  1239 | D:2      | Reached skill level 1 in Unarmed Combat
  1239 | D:2      | Reached skill level 1 in Evocations
  1380 | D:2      | Reached XP level 4. HP: 32/32 MP: 4/11
  1499 | D:2      | Reached skill level 1 in Hexes
  1499 | D:2      | Reached skill level 1 in Summonings
  1499 | D:2      | Reached skill level 1 in Necromancy
  1499 | D:2      | Reached skill level 1 in Translocations
  1499 | D:2      | Reached skill level 1 in Transmutations
  1499 | D:2      | Reached skill level 1 in Fire Magic
  1499 | D:2      | Reached skill level 1 in Ice Magic
  1499 | D:2      | Reached skill level 1 in Air Magic
  1499 | D:2      | Reached skill level 1 in Earth Magic
  1499 | D:2      | Reached skill level 1 in Poison Magic
  2106 | D:2      | Reached XP level 5. HP: 37/37 MP: 5/12
  2272 | D:2      | Learned a level 4 spell: Iskenderun's Mystic Blast
  2365 | D:3      | Noticed Natasha
  2367 | D:3      | Killed Natasha
  2726 | D:3      | Noticed Natasha
  2731 | D:3      | Killed Natasha
  2799 | D:3      | Noticed Natasha
  2985 | D:3      | Killed Natasha
  3013 | D:3      | Reached XP level 6. HP: 44/44 MP: 7/13
  3121 | D:3      | Reached skill level 2 in Invocations
  3968 | D:4      | Reached skill level 2 in Fighting
  3968 | D:4      | Reached skill level 2 in Short Blades
  3968 | D:4      | Reached skill level 2 in Long Blades
  3968 | D:4      | Reached skill level 2 in Axes
  3968 | D:4      | Reached skill level 2 in Maces & Flails
  3968 | D:4      | Reached skill level 2 in Polearms
  3968 | D:4      | Reached skill level 2 in Staves
  3968 | D:4      | Reached skill level 2 in Slings
  3968 | D:4      | Reached skill level 2 in Bows
  3968 | D:4      | Reached skill level 2 in Crossbows
  3968 | D:4      | Reached skill level 2 in Throwing
  3968 | D:4      | Reached skill level 2 in Armour
  3968 | D:4      | Reached skill level 5 in Dodging
  3968 | D:4      | Reached skill level 2 in Shields
  3968 | D:4      | Reached skill level 2 in Unarmed Combat
  3968 | D:4      | Reached skill level 2 in Evocations
  4448 | D:4      | Found a stormy altar of Qazlal.
  4457 | D:4      | Noticed Eustachio
  4499 | D:5      | Entered Level 5 of the Dungeon
  4594 | D:4      | Killed Eustachio
  4595 | D:4      | Reached skill level 2 in Hexes
  4595 | D:4      | Reached skill level 2 in Summonings
  4595 | D:4      | Reached skill level 2 in Necromancy
  4595 | D:4      | Reached skill level 2 in Translocations
  4595 | D:4      | Reached skill level 2 in Transmutations
  4595 | D:4      | Reached skill level 2 in Fire Magic
  4595 | D:4      | Reached skill level 2 in Ice Magic
  4595 | D:4      | Reached skill level 2 in Air Magic
  4595 | D:4      | Reached skill level 2 in Earth Magic
  4595 | D:4      | Reached skill level 2 in Poison Magic
  4595 | D:4      | Reached XP level 7. HP: 48/51 MP: 4/15
  4773 | D:4      | You fall into a shaft and drop 3 floors!
  4886 | D:7      | Found a transporter.
  4891 | D:7      | Found a transporter.
  4892 | D:7      | Noticed a hornet
  4892 | D:7      | Noticed Antichthon's ghost (novice NaWr)
  4970 | D:7      | Reached skill level 5 in Stealth
  5230 | D:7      | Reached skill level 3 in Invocations
  5946 | D:6      | Reached XP level 8. HP: 53/57 MP: 6/16
  6021 | D:6      | Reached skill level 3 in Fighting
  6021 | D:6      | Reached skill level 3 in Short Blades
  6021 | D:6      | Reached skill level 3 in Long Blades
  6021 | D:6      | Reached skill level 3 in Axes
  6021 | D:6      | Reached skill level 3 in Maces & Flails
  6021 | D:6      | Reached skill level 3 in Polearms
  6021 | D:6      | Reached skill level 3 in Staves
  6021 | D:6      | Reached skill level 3 in Slings
  6021 | D:6      | Reached skill level 3 in Bows
  6021 | D:6      | Reached skill level 3 in Crossbows
  6021 | D:6      | Reached skill level 3 in Throwing
  6021 | D:6      | Reached skill level 3 in Armour
  6021 | D:6      | Reached skill level 3 in Shields
  6021 | D:6      | Reached skill level 3 in Unarmed Combat
  6021 | D:6      | Reached skill level 3 in Evocations
  6238 | D:5      | Reached skill level 6 in Spellcasting
  6470 | D:4      | You pick up a book of Frost and begin reading...
  6470 | D:4      | You add the spells Freeze, Frozen Ramparts and Hailstorm to
                  | your library.
  6542 | D:4      | Found a hide-covered altar of Uskayaw.
  6686 | D:4      | Reached skill level 3 in Hexes
  6686 | D:4      | Reached skill level 3 in Summonings
  6686 | D:4      | Reached skill level 3 in Necromancy
  6686 | D:4      | Reached skill level 3 in Translocations
  6686 | D:4      | Reached skill level 3 in Transmutations
  6686 | D:4      | Reached skill level 3 in Fire Magic
  6686 | D:4      | Reached skill level 3 in Ice Magic
  6686 | D:4      | Reached skill level 3 in Air Magic
  6686 | D:4      | Reached skill level 3 in Earth Magic
  6686 | D:4      | Reached skill level 3 in Poison Magic
  6686 | D:4      | Reached skill level 4 in Invocations
  7001 | D:5      | Noticed Blork the orc
  7008 | D:5      | Killed Blork the orc
  7231 | D:5      | Reached skill level 6 in Dodging
  7255 | D:6      | HP: 15/60 [poisoned by a gnoll]
  7256 | D:6      | Reached XP level 9. HP: 16/65 MP: 3/18
  7260 | D:6      | HP: 8/65 [poisoned by a gnoll]
  7776 | D:6      | Found a staircase to the Ecumenical Temple.
  7817 | Temple   | Entered the Ecumenical Temple
  7830 | Temple   | Became a worshipper of Vehumet
  8006 | D:6      | Reached skill level 4 in Fighting
  8006 | D:6      | Reached skill level 4 in Short Blades
  8006 | D:6      | Reached skill level 4 in Long Blades
  8006 | D:6      | Reached skill level 4 in Axes
  8006 | D:6      | Reached skill level 4 in Maces & Flails
  8006 | D:6      | Reached skill level 4 in Polearms
  8006 | D:6      | Reached skill level 4 in Staves
  8006 | D:6      | Reached skill level 4 in Slings
  8006 | D:6      | Reached skill level 4 in Bows
  8006 | D:6      | Reached skill level 4 in Crossbows
  8006 | D:6      | Reached skill level 4 in Throwing
  8006 | D:6      | Reached skill level 4 in Armour
  8006 | D:6      | Reached skill level 4 in Shields
  8006 | D:6      | Reached skill level 4 in Unarmed Combat
  8006 | D:6      | Reached skill level 4 in Evocations
  8659 | D:5      | You add the spells Passwall, Animate Armour and Simulacrum
                  | to your library.
  8659 | D:5      | Got the Papyrus of the Mountains and the Snowflakes
  8663 | D:5      | Learned a level 2 spell: Passwall
  8944 | D:5      | Reached skill level 6 in Stealth
  8944 | D:5      | Reached skill level 8 in Conjurations
  9463 | D:7      | Reached * piety under Vehumet
  9463 | D:7      | Offered knowledge of Foxfire by Vehumet.
  9489 | D:7      | Learned a level 1 spell: Foxfire
  9543 | D:7      | Noticed Joseph
  9562 | D:7      | HP: 14/65 [Joseph/sling bullet (5)]
  9563 | D:7      | Killed Joseph
  9953 | D:8      | Reached skill level 5 in Invocations
 10376 | D:8      | Found a staircase to the Lair.
 10382 | D:8      | Reached skill level 7 in Spellcasting
 10385 | D:8      | Reached XP level 10. HP: 68/73 MP: 11/20
 10540 | D:8      | Reached skill level 4 in Hexes
 10540 | D:8      | Reached skill level 4 in Summonings
 10540 | D:8      | Reached skill level 4 in Necromancy
 10540 | D:8      | Reached skill level 4 in Translocations
 10540 | D:8      | Reached skill level 4 in Transmutations
 10540 | D:8      | Reached skill level 4 in Fire Magic
 10540 | D:8      | Reached skill level 4 in Ice Magic
 10540 | D:8      | Reached skill level 4 in Air Magic
 10540 | D:8      | Reached skill level 4 in Earth Magic
 10540 | D:8      | Reached skill level 4 in Poison Magic
 10959 | D:8      | Reached skill level 5 in Fighting
 10959 | D:8      | Reached skill level 5 in Short Blades
 10959 | D:8      | Reached skill level 5 in Long Blades
 10959 | D:8      | Reached skill level 5 in Axes
 10959 | D:8      | Reached skill level 5 in Maces & Flails
 10959 | D:8      | Reached skill level 5 in Polearms
 10959 | D:8      | Reached skill level 5 in Staves
 10959 | D:8      | Reached skill level 5 in Slings
 10959 | D:8      | Reached skill level 5 in Bows
 10959 | D:8      | Reached skill level 5 in Crossbows
 10959 | D:8      | Reached skill level 5 in Throwing
 10959 | D:8      | Reached skill level 5 in Armour
 10959 | D:8      | Reached skill level 5 in Shields
 10959 | D:8      | Reached skill level 5 in Unarmed Combat
 10959 | D:8      | Reached skill level 5 in Evocations
 11508 | D:8      | magus.rc [v1.9.6]
 11734 | D:9      | Noticed a wizard
 11740 | D:9      | Killed a wizard
 11741 | D:9      | Reached skill level 7 in Dodging
 11903 | D:9      | Offered knowledge of Poisonous Vapours by Vehumet.
 11908 | D:9      | Reached ** piety under Vehumet
 12240 | D:9      | Noticed a kobold demonologist
 12253 | D:9      | Killed a kobold demonologist
 12256 | D:9      | Reached skill level 6 in Invocations
 12421 | D:9      | Reached skill level 7 in Stealth
 12526 | D:9      | Found a transporter.
 12526 | D:9      | Noticed an eight-headed hydra
 12535 | D:9      | Noticed Icepheonix32's ghost (novice MfSu)
 12535 | D:9      | Noticed a moth of wrath
 12546 | D:9      | Found a transporter.
 12568 | D:9      | Found a shadowy altar of Dithmenos.
 12603 | D:9      | Identified a +0 robe of the Archmagi
 12913 | D:9      | Found a hazy altar of Hepliaklqana.
 13547 | D:10     | Entered Level 10 of the Dungeon
 13571 | D:10     | Noticed a two-headed ogre
 13808 | D:10     | Killed a two-headed ogre
 13809 | D:10     | Reached XP level 11. HP: 81/81 MP: 8/22
 13811 | D:10     | Reached skill level 6 in Fighting
 13811 | D:10     | Reached skill level 6 in Short Blades
 13811 | D:10     | Reached skill level 6 in Long Blades
 13811 | D:10     | Reached skill level 6 in Axes
 13811 | D:10     | Reached skill level 6 in Maces & Flails
 13811 | D:10     | Reached skill level 6 in Polearms
 13811 | D:10     | Reached skill level 6 in Staves
 13811 | D:10     | Reached skill level 6 in Slings
 13811 | D:10     | Reached skill level 6 in Bows
 13811 | D:10     | Reached skill level 6 in Crossbows
 13811 | D:10     | Reached skill level 6 in Throwing
 13811 | D:10     | Reached skill level 6 in Armour
 13811 | D:10     | Reached skill level 6 in Shields
 13811 | D:10     | Reached skill level 6 in Unarmed Combat
 13811 | D:10     | Reached skill level 6 in Evocations
 13958 | D:10     | Reached skill level 5 in Hexes
 13958 | D:10     | Reached skill level 5 in Summonings
 13958 | D:10     | Reached skill level 5 in Necromancy
 13958 | D:10     | Reached skill level 5 in Translocations
 13958 | D:10     | Reached skill level 5 in Transmutations
 13958 | D:10     | Reached skill level 5 in Fire Magic
 13958 | D:10     | Reached skill level 5 in Ice Magic
 13958 | D:10     | Reached skill level 5 in Air Magic
 13958 | D:10     | Reached skill level 5 in Earth Magic
 13958 | D:10     | Reached skill level 5 in Poison Magic
 14097 | D:10     | Reached skill level 8 in Spellcasting
 14188 | D:10     | Noticed Urug
 14355 | D:10     | Offered knowledge of Inner Flame by Vehumet.
 14439 | D:10     | Learned a level 3 spell: Inner Flame
 14444 | D:10     | Learned a level 4 spell: Hailstorm
 14528 | D:10     | Noticed a cyclops
 14538 | D:10     | Killed a cyclops
 14644 | D:10     | Noticed Fannar
 14658 | D:10     | Killed Fannar
 14659 | D:10     | Reached skill level 9 in Conjurations
 14659 | D:10     | Reached skill level 7 in Invocations
 14807 | D:10     | Killed Urug
 14808 | D:10     | Reached skill level 8 in Dodging
 14921 | D:10     | u - a +1 eveningstar {macerare=g}
 15030 | D:10     | Found a portal to a secret trove of treasure.
 15038 | D:10     | This trove needs 18 potions of curing to function. Give it
                  | the items?
 15273 | D:11     | Found a runed translucent door.
 15273 | D:11     | Noticed AverageBear's ghost (journeyman DDFi)
 15967 | D:11     | Found a glowing silver altar of Zin.
 16286 | D:10     | magus.rc [v1.9.6]
 16583 | D:11     | Reached skill level 8 in Stealth
 17312 | Lair:1   | Entered Level 1 of the Lair of Beasts
 17361 | Lair:1   | Noticed Gastronok
 17375 | Lair:1   | Killed Gastronok
 17376 | Lair:1   | Reached XP level 12. HP: 89/89 MP: 13/24
 17380 | Lair:1   | Noticed a seven-headed hydra
 17397 | Lair:1   | Killed a seven-headed hydra
 17398 | Lair:1   | Reached skill level 7 in Fighting
 17398 | Lair:1   | Reached skill level 7 in Short Blades
 17398 | Lair:1   | Reached skill level 7 in Long Blades
 17398 | Lair:1   | Reached skill level 7 in Axes
 17398 | Lair:1   | Reached skill level 7 in Maces & Flails
 17398 | Lair:1   | Reached skill level 7 in Polearms
 17398 | Lair:1   | Reached skill level 7 in Staves
 17398 | Lair:1   | Reached skill level 7 in Slings
 17398 | Lair:1   | Reached skill level 7 in Bows
 17398 | Lair:1   | Reached skill level 7 in Crossbows
 17398 | Lair:1   | Reached skill level 7 in Throwing
 17398 | Lair:1   | Reached skill level 7 in Armour
 17398 | Lair:1   | Reached skill level 7 in Shields
 17398 | Lair:1   | Reached skill level 7 in Unarmed Combat
 17398 | Lair:1   | Reached skill level 7 in Evocations
 17544 | Lair:1   | Learned a level 3 spell: Frozen Ramparts
 17889 | Lair:1   | Noticed Maggie
 17929 | Lair:1   | Killed Maggie
 18193 | Lair:1   | You fall into a shaft and drop 1 floor!
 18274 | Lair:2   | Noticed a five-headed hydra
 18288 | Lair:2   | Killed a five-headed hydra
 18289 | Lair:2   | Reached skill level 6 in Hexes
 18289 | Lair:2   | Reached skill level 6 in Summonings
 18289 | Lair:2   | Reached skill level 6 in Necromancy
 18289 | Lair:2   | Reached skill level 6 in Translocations
 18289 | Lair:2   | Reached skill level 6 in Transmutations
 18289 | Lair:2   | Reached skill level 6 in Fire Magic
 18289 | Lair:2   | Reached skill level 6 in Ice Magic
 18289 | Lair:2   | Reached skill level 6 in Air Magic
 18289 | Lair:2   | Reached skill level 6 in Earth Magic
 18289 | Lair:2   | Reached skill level 6 in Poison Magic
 18385 | Lair:2   | Noticed a boulder beetle
 18437 | Lair:2   | Killed a boulder beetle
 18437 | Lair:2   | Reached *** piety under Vehumet
 18438 | Lair:2   | Reached skill level 8 in Invocations
 18552 | Lair:2   | Reached skill level 9 in Spellcasting
 18613 | Lair:2   | Noticed a catoblepas
 18617 | Lair:2   | magus.rc [v1.9.6]
 18619 | Lair:2   | Killed a catoblepas
 18791 | Lair:2   | You pick up a book of Decay and begin reading...
 18791 | Lair:2   | You add the spells Corpse Rot, Dispel Undead and Death
                  | Channel to your library.
 18803 | Lair:2   | Noticed a six-headed hydra
 18828 | Lair:2   | Killed a six-headed hydra
 19032 | Lair:2   | Found a runed translucent door.
 19033 | Lair:2   | Found a shimmering altar of Xom.
 19033 | Lair:2   | Identified the +2 war axe of Tumult {chaos, *Rage Drain
                  | rN+++ Str+6}
 19033 | Lair:2   | Noticed pkoi's ghost (journeyman DgAE)
 19628 | Lair:2   | Noticed a seven-headed hydra
 19634 | Lair:2   | Killed a seven-headed hydra
 19635 | Lair:2   | Reached skill level 9 in Dodging
 19696 | Lair:2   | You add the spells Conjure Flame, Summon Lightning Spire
                  | and Storm Form to your library.
 19696 | Lair:2   | Got Tystrookk's Compendium of Aerial Ignition
 19716 | Lair:2   | Noticed a six-headed hydra
 19730 | Lair:2   | Killed a six-headed hydra
 19849 | Lair:2   | Found a staircase to the Swamp.
 19982 | Lair:2   | Noticed a boulder beetle
 20342 | Lair:3   | Reached skill level 9 in Stealth
 20342 | Lair:3   | Reached XP level 13. HP: 81/98 MP: 12/26
 20550 | Lair:3   | Found a staircase to the Snake Pit.
 20570 | Lair:3   | Found a gate leading to a gauntlet.
 20799 | Lair:3   | Offered knowledge of Flame Wave by Vehumet.
 20806 | Lair:3   | Learned a level 4 spell: Flame Wave
 21010 | Lair:3   | Reached skill level 8 in Fighting
 21010 | Lair:3   | Reached skill level 8 in Short Blades
 21010 | Lair:3   | Reached skill level 8 in Long Blades
 21010 | Lair:3   | Reached skill level 8 in Axes
 21010 | Lair:3   | Reached skill level 8 in Maces & Flails
 21010 | Lair:3   | Reached skill level 8 in Polearms
 21010 | Lair:3   | Reached skill level 8 in Staves
 21010 | Lair:3   | Reached skill level 8 in Slings
 21010 | Lair:3   | Reached skill level 8 in Bows
 21010 | Lair:3   | Reached skill level 8 in Crossbows
 21010 | Lair:3   | Reached skill level 8 in Throwing
 21010 | Lair:3   | Reached skill level 8 in Armour
 21010 | Lair:3   | Reached skill level 8 in Shields
 21010 | Lair:3   | Reached skill level 8 in Unarmed Combat
 21010 | Lair:3   | Reached skill level 8 in Evocations
 21805 | Lair:3   | Reached **** piety under Vehumet
 22294 | Lair:4   | Offered knowledge of Lightning Bolt by Vehumet.
 22510 | Lair:4   | Reached skill level 9 in Invocations
 22971 | Lair:4   | magus.rc [v1.9.6]
 23146 | Lair:4   | Reached skill level 10 in Conjurations
 24008 | Lair:4   | Reached skill level 7 in Hexes
 24008 | Lair:4   | Reached skill level 7 in Summonings
 24008 | Lair:4   | Reached skill level 7 in Necromancy
 24008 | Lair:4   | Reached skill level 7 in Translocations
 24008 | Lair:4   | Reached skill level 7 in Transmutations
 24008 | Lair:4   | Reached skill level 7 in Fire Magic
 24008 | Lair:4   | Reached skill level 7 in Ice Magic
 24008 | Lair:4   | Reached skill level 7 in Air Magic
 24008 | Lair:4   | Reached skill level 7 in Earth Magic
 24008 | Lair:4   | Reached skill level 7 in Poison Magic
 24008 | Lair:4   | Reached ***** piety under Vehumet
 24162 | Lair:4   | Offered knowledge of Iron Shot by Vehumet.
 24378 | Lair:4   | Noticed Josephine
 24382 | Lair:4   | Killed Josephine
 25251 | Lair:5   | Reached skill level 10 in Spellcasting
 25339 | Lair:5   | You add the spells Tukima's Dance, Passage of Golubria and
                  | Yara's Violent Unravelling to your library.
 25522 | Lair:5   | Found a viscous altar of Jiyva.
 25522 | Lair:5   | Found a staircase to the Slime Pits.
 26255 | Lair:6   | Entered Level 6 of the Lair of Beasts
 26510 | Lair:6   | HP: 23/99 [komodo dragon (13)]
 26512 | Lair:6   | HP: 8/99 [elephant (6)]
 26512 | Lair:6   | Slain by an elephant

Vanquished Creatures
  Gastronok (Lair:1)
  Josephine (Lair:4)
  Fannar (D:10)
  7 hydras
  A boulder beetle (Lair:2)
  A catoblepas (Lair:2)
  A two-headed ogre (D:10)
  Urug (D:10)
  A cyclops (D:10)
  4 elephants (Lair:5)
  Joseph (D:7)
  Maggie (Lair:1)
  13 cane toads
  A kobold demonologist (D:9)
  2 unseen horrors (D:11)
  2 rime drakes
  5 komodo dragons
  4 trolls
  4 polar bears
  3 slime creatures (D:11)
  A hornet (D:11)
  5 blink frogs (Lair:2)
  2 shadows
  A spriggan (Lair:3)
  A wyvern (Lair:5)
  Eustachio (D:4)
  16 yaks
  5 wraiths (Lair:4)
  A basilisk (Lair:4)
  4 vampire mosquitoes
  2 steam dragons
  3 wargs (D:8)
  4 nagas (Lair:3)
  9 water moccasins
  2 hell hounds (Lair:3)
  An ice beast (D:7)
  5 black bears
  5 orc warriors
  2 necrophages
  2 ogres (D:5)
  4 centaurs
  43 wolves
  2 phantoms
  Blork the orc (D:5)
  5 bullfrogs
  4 kobold brigands
  A wyvern zombie (D:5)
  A gnoll sergeant (D:6)
  A scorpion (D:4)
  A water moccasin skeleton (D:5)
  6 killer bees (D:9)
  3 howler monkeys (D:9)
  A bullfrog zombie (D:5)
  4 centaur zombies
  2 hounds
  A gnoll shaman (D:6)
  6 orc priests
  6 iguanas
  Natasha (thrice) (D:3)
  23 orc wizards
  7 hell rats (Lair:4)
  14 gnolls
  6 adders
  2 shadow imps (D:6)
  A white imp (D:7)
  An adder skeleton (D:4)
  A worm (D:3)
  4 dart slugs
  30 orcs
  10 ball pythons
  11 endoplasms
  4 giant cockroaches
  13 goblins
  11 hobgoblins
  3 jackals (D:1)
  31 kobolds
  2 quokkas (D:4)
  4 bats
  2 frilled lizards
  4 rats
406 creatures vanquished.

Vanquished Creatures (others)
  A wizard (D:9)
  2 orcs (D:8)
  92 foxfires
  27 fungi
  161 plants
283 creatures vanquished.

Grand Total: 689 creatures vanquished

Table legend:
 A = Non-vault XP
 B = Vault XP
 C = Vault XP percentage of total XP
 D = Non-vault monster count
 E = Vault monster count
 F = Vault count percentage of total count
                 A         B        C        D         E       F
            +---------+---------+-------+---------+---------+-------
      Total |   34043 |   18897 |  35.7 |     324 |      83 |  20.4
            +---------+---------+-------+---------+---------+-------
        D:1 |      66 |       0 |   0.0 |      29 |       0 |   0.0
        D:2 |     106 |       0 |   0.0 |      24 |       0 |   0.0
        D:3 |     131 |      35 |  21.1 |      24 |       1 |   4.0
        D:4 |     615 |     202 |  24.7 |      24 |       1 |   4.0
        D:5 |     876 |      99 |  10.2 |      20 |       1 |   4.8
        D:6 |     699 |     178 |  20.3 |      19 |       5 |  20.8
        D:7 |     486 |     455 |  48.4 |      13 |       1 |   7.1
        D:8 |    1011 |     589 |  36.8 |      29 |       7 |  19.4
        D:9 |    3800 |       0 |   0.0 |      38 |       0 |   0.0
       D:10 |    3565 |    1677 |  32.0 |      17 |       2 |  10.5
       D:11 |    3111 |       0 |   0.0 |      14 |       0 |   0.0
     Lair:1 |     604 |    3209 |  84.2 |       3 |       4 |  57.1
     Lair:2 |    5422 |    3911 |  41.9 |      14 |       8 |  36.4
     Lair:3 |    3612 |    1976 |  35.4 |      16 |      13 |  44.8
     Lair:4 |    4390 |    5570 |  55.9 |      24 |      37 |  60.7
     Lair:5 |    4780 |     188 |   3.8 |      14 |       1 |   6.7
     Lair:6 |     769 |     808 |  51.2 |       2 |       2 |  50.0
            +---------+---------+-------+---------+---------+-------

Illustrated notes

Table legend:
 A = Kills in this place as a percentage of kills in entire the game.
 B = Kills by you in this place as a percentage of kills by you in the entire game.
 C = Kills by friends in this place as a percentage of kills by friends in the entire game.
 D = Other kills in this place as a percentage of other kills in the entire game.
 E = Experience gained in this place as a percentage of experience gained in the entire game.
 F = Experience gained in this place divided by the number of levels of this place that you have seen.
                   A       B       C       D       E      F
               +-------+-------+-------+-------+-------+----------------------
         Total | 100.0 | 100.0 |   N/A | 100.0 | 100.0 | 2941.1
       Dungeon |  66.1 |  65.7 |   N/A |  87.5 |  33.4 | 1609.2
          Lair |  33.9 |  34.3 |   N/A |  12.5 |  66.6 | 5873.2
               +-------+-------+-------+-------+-------+----------------------

Table legend: (Time is in decaauts)
 A = Elapsed time spent in this place.
 B = Non-inter-level travel time spent in this place.
 C = Inter-level travel time spent in this place.
 D = Time resting spent in this place.
 E = Time spent auto-exploring this place.
 F = Levels seen in this place.
 G = Mean time per level.
                   A        B        C        D        E       F      G
               +--------+--------+--------+--------+--------+-----+--------+
         Total |  26613 |  25898 |    715 |   8127 |  12970 |  18 | 1478.5 |
       Dungeon |  17367 |  16754 |    613 |   4823 |   8719 |  11 | 1578.8 |
        Temple |    113 |    113 |      0 |      0 |     79 |   1 |  113.0 |
          Lair |   9131 |   9030 |    101 |   3304 |   4171 |   6 | 1521.8 |
               +--------+--------+--------+--------+--------+-----+--------+

Top non-repeatable levels by time:
  Lair:4: 2669 daAuts
  Lair:3: 2397 daAuts
  Lair:2: 2220 daAuts
     D:8: 2210 daAuts
     D:6: 2011 daAuts
     D:9: 1998 daAuts
    D:11: 1639 daAuts
     D:7: 1607 daAuts
     D:3: 1606 daAuts
     D:4: 1569 daAuts
    D:10: 1551 daAuts
     D:2: 1175 daAuts
     D:1: 1104 daAuts
  Lair:5: 1047 daAuts
     D:5: 893 daAuts
